 Dungeon Crawl Stone Soup version bcrawl-1.32 (webtiles) character file.

Game seed: 15398304866544975418

106986 Morbidden the Conjurer (level 3, -1/29 HPs)
             Began as a Djinni Conjurer on June 25, 2021.
             Slain by Sigmund
             ... wielding a +2 vampiric scythe
              (12 damage)
             ... on level 2 of the Dungeon.
             The game lasted 00:01:04 (1840 turns).

Morbidden the Conjurer (Djinni Conjurer)            Turns: 1840, Time: 00:01:05

Health: -1/29      AC:  2    Str: 11    XL:     3   Next: 73%
Magic:  0/7        EV: 12    Int: 17    God:
Gold:   127        SH:  0    Dex: 11    Spells: 5/8 levels left

rFire    . . .     SeeInvis .   a - +2 dagger (venom)
rCold    . . .     Gourm    .   (no shield)
rNeg     . . .     Faith    .   h - +0 robe
rPois    .         Spirit   .   (no helmet)
rElec    .         Reflect  .   (no cloak)
rCorr    .         Harm     .   (no gloves)
MR       .....     Rnd*Rage +   (boots unavailable)
Stlth    ++........             (no amulet)
HPRegen  0.09/turn              (no ring)
MPRegen  0.10/turn              (no ring)

@: flying
A: never pass out, berserk 2, blurry vision 2, wild magic 1, MP-powered wands,
floating
a: no special abilities


You were on level 2 of the Dungeon.
You were not hungry.

You visited 1 branch of the dungeon, and saw 2 of its levels.

You collected 127 gold pieces.

Inventory:

Hand Weapons
 a - a +2 dagger of venom (weapon)
 m - a +0 long sword
Armour
 h - a +0 robe (worn)
Jewellery
 g - an uncursed amulet of guardian spirit {unknown}
Scrolls
 b - a scroll of amnesia {unknown}
 f - a scroll of teleportation {unknown}
 i - a scroll of identify
 j - a scroll of remove curse {unknown}
 l - a scroll of blinking {unknown}
 n - a scroll of noise {unknown}
Potions
 c - a potion of magic
 d - a potion of flight {unknown}
 k - a potion of degeneration {unknown}
Comestibles
 e - 6 rations {!d}


   Skills:
 * Level 1.7 Fighting
 * Level 2.0 Dodging
 + Level 1.9 Stealth
 * Level 3.4 Spellcasting
 * Level 5.1 Conjurations


You had 5 spell levels left.
You knew the following spells:

 Your Spells              Type           Power        Failure   Level  Hunger
a - Magic Dart            Conj           ####         3%          1    None
b - Searing Ray           Conj           ####....     5%          2    None

Your spell library contained the following spells:

 Spells                   Type           Power        Failure   Level  Hunger
 Iskenderun's Mystic Bla  Conj           ####....     10%         3    ####...
 Fulminant Prism          Conj/Hex       ###.......   58%         4    #####..
 Irradiate                Conj/Tmut      ###.......   89%         5    ######.


Dungeon Overview and Level Annotations

Branches:
Dungeon (2/12)

Altars:

Annotations:
D:2 Sigmund


Innate Abilities, Weirdness & Mutations

You never pass out after going berserk.
You often lose your temper in combat.
Scrolls take you longer to read.
Your spells are a little harder to cast, but a little more powerful.
You expend magic power (3 MP) to strengthen your wands.
Your body floats in the air.


Message History

Confirm with . or Enter, or press ? or * to list all spells.
Aiming: Magic Dart (safe; 3% risk of failure)
Press: ? - help, Shift-Dir - straight line, f/p - Sigmund
Aim: Sigmund, wielding a +2 vampiric scythe and wearing a +0 robe (heavily wounded)
The magic dart hits Sigmund.
Sigmund is severely wounded.
Sigmund drinks a potion.
Sigmund seems to speed up.
Casting: Magic Dart (safe; 3% risk of failure)
Confirm with . or Enter, or press ? or * to list all spells.
You don't have enough magic to cast that spell.
No path to travel!
Casting: Magic Dart (safe; 3% risk of failure)
Confirm with . or Enter, or press ? or * to list all spells.
Aiming: Magic Dart (safe; 3% risk of failure)
Press: ? - help, Shift-Dir - straight line, f/p - Sigmund
Aim: Sigmund, wielding a +2 vampiric scythe and wearing a +0 robe (severely wounded, fast)
The magic dart hits Sigmund but does no damage.
Sigmund is severely wounded.
Sigmund hits you from afar with a +2 vampiric scythe!
You die...

###### ## #.....
.. .....# #(
#.##.# ?. #.##.#
#.#@#####.##.##
#.?..@........#
............##..#
..#
.##.#.#####.##..##
.. # #.
#.##...#### .. #
##.##.....[# .#
.........##.# .#
###.#######.# .#
#.#######.#### .#
#............#


You could see Sigmund.

Vanquished Creatures
  An adder (D:2)
  2 oozes
  3 dart slugs
  2 leopard geckos (D:1)
  2 giant cockroaches
  3 hobgoblins
  A quokka (D:2)
  A ball python (D:1)
  A bat (D:2)
  3 frilled lizards
  6 goblins
  4 kobolds
  4 rats (D:1)
33 creatures vanquished.

Notes
Turn   | Place    | Note
-------+----------+-------------------------------------------
     0 | D:1      | Morbidden the Djinni Conjurer began the quest for the Orb.
     0 | D:1      | Reached XP level 1. HP: 14/14 MP: 4/4
   467 | D:1      | Reached XP level 2. HP: 20/20 MP: 4/6
   512 | D:1      | Reached skill level 5 in Conjurations
   740 | D:1      | Reached skill level 1 in Fighting
  1238 | D:1      | Reached XP level 3. HP: 28/28 MP: 7/7
  1388 | D:2      | Learned a level 2 spell: Searing Ray
  1448 | D:2      | Found a faded altar of an unknown god.
  1832 | D:2      | Noticed Sigmund
  1840 | D:2      | Slain by Sigmund

Skill      XL: |  1  2 |
---------------+-------+-----
Conjurations   | 5 |  5.1
Fighting       | 1 |  1.7
Dodging        | |  2.0
Stealth        | |  1.9
Spellcasting   | |  3.4

Action                   || total
-------------------------++-------
Melee: Dagger            ||    22
 Cast: Magic Dart        ||    43
       Searing Ray       ||     1
  Eat: Chunk             ||     4
Armor: Robe              ||     5
Dodge: Dodged            ||    14
